 Dungeon Crawl Stone Soup version 0.30-a0-715-gdb4ae3ece1 (webtiles) character file.

Game seed: 18042644549790946092

455 mopl the Sneak (level 7, 0/46 HPs)
             Began as an Octopode Cinder Acolyte on Jan 23, 2023.
             Was a High Priest of Ignis.
             Succumbed to a water moccasin's poison
             ... on level 4 of the Dungeon on Jan 24, 2023.
             The game lasted 00:04:45 (3436 turns).

mopl the Sneak (Octopode Cinder Acolyte)            Turns: 3436, Time: 00:04:46

Health: 0/46       AC:  1    Str: 13 (14) XL:     7   Next: 5%
Magic:  8/8        EV: 13    Int: 15 (16) God:    Ignis [*****.]
Gold:   260        SH:  0    Dex:  6 (9)  Spells: 8/8 levels left

rFire   + . .      SeeInvis .    a - -1 falchion (flame)
rCold   . . .      Faith    .    (no shield)
rNeg    . . .      Spirit   .    (helmet restricted)
rPois   .          Reflect  .    (no amulet)
rElec   .          Harm     .    (no ring)
rCorr   .          Rampage  .    (no ring)
Will    .....                    (no ring)
Stlth   +++                      (no ring)
HPRegen 0.27/turn                (no ring)
MPRegen 0.11/turn                (no ring)
                                 (no ring)
                                 (no ring)

@: lethally poisoned (0 -> -23)
A: almost no armour, amphibious, 8 rings, camouflage 1, gelatinous body 1,
(nimble swimmer 1), tentacles
a: Renounce Religion, Fiery Armour, Foxfire Swarm, Rising Flame


You were on level 4 of the Dungeon.
You worshipped Ignis.
Ignis was extremely pleased with you.
You visited 1 branch of the dungeon, and saw 4 of its levels.

You collected 260 gold pieces.

Inventory:

Hand Weapons
 a - a -1 falchion of flaming (weapon)
 p - a +2 dagger of speed
Missiles
 k - 7 boomerangs (quivered)
 n - 3 silver javelins
Magical Staves
 v - a staff of death
Jewellery
 j - an amulet of faith {!P}
Scrolls
 b - 2 scrolls of blinking {unknown}
 c - a scroll of enchant armour {unknown}
 e - a scroll of immolation {unknown}
 f - 2 scrolls of silence {unknown}
 h - 2 scrolls of poison {unknown}
 i - 3 scrolls of identify {unknown}
 l - a scroll of fog {unknown}
 r - a scroll of fear {unknown}
 t - 2 scrolls of vulnerability {unknown}
 u - a scroll of teleportation {unknown}
 w - a scroll of amnesia {unknown}
 y - a scroll of enchant weapon {unknown}
Potions
 d - a potion of mutation {unknown}
 g - a potion of flight {unknown}
 m - 3 potions of degeneration
 o - a potion of might {unknown}
 q - a potion of invisibility {unknown}
 s - a potion of ambrosia {unknown}
 x - 2 potions of haste {unknown}
 z - a potion of magic {unknown}
 A - a potion of curing {unknown}
 B - 2 potions of lignification {unknown}
 C - a potion of heal wounds {unknown}


   Skills:
 - Level 3.0 Fighting
 + Level 5.1 Long Blades
 + Level 3.8 Dodging
 + Level 5.4 Stealth
 - Level 1.0 Spellcasting
 - Level 3.0 Fire Magic


You had 8 spell levels left.
You didn't know any spells.
Your spell library contained the following spells:

 Spells                   Type           Power      Damage    Failure   Level
 Scorch                   Fire           18%        2d6       11%         2
 Freeze                   Ice            0%         1d3       24%         1
 Sublimation of Blood     Necr           0%         N/A       36%         2
 Frozen Ramparts          Ice            0%         1d1       58%         3
 Gell's Gravitas          Tloc           0%         N/A       58%         3
 Hailstorm                Conj/Ice       0%         3d3       58%         3
 Teleport Other           Tloc           0%         N/A       58%         3
 Petrify                  Tmut/Erth      0%         N/A       94%         4
 Irradiate                Conj/Tmut      0%         3d11      100%        5
 Dispersal                Tloc           0%         N/A       100%        6


Dungeon Overview and Level Annotations

Branches:
Dungeon (4/15)
 Temple: D:4-7

Altars:
Trog
Uskayaw
Wu Jian
Yredelemnul


Innate Abilities, Weirdness & Mutations

You cannot wear most types of armour.
You are amphibious.
You can wear up to eight rings at the same time.
Your skin changes colour to match your surroundings (Stealth+).
Your rubbery body absorbs attacks. (AC +1, EV +1)
((You are camouflaged when in or above water. (Stealth+)))
You have tentacles for arms and can constrict up to eight enemies at once.


Message History

An endoplasm comes into view.
The goblin throws a stone.
The stone completely misses you. The goblin hits you but does no damage.
The water moccasin hisses angrily.
You hit the goblin. You burn the goblin.
You kill the goblin!
You hit the giant cockroach. You burn the giant cockroach.
You kill the giant cockroach!
The water moccasin closely misses you.
You barely miss the water moccasin. Your grab misses the water moccasin.
Your squeeze misses the water moccasin. The water moccasin bites you!
You are poisoned.
The water moccasin poisons you!
You miss the water moccasin. Your grab misses the water moccasin.
Your squeeze misses the water moccasin.
You feel very sick. The water moccasin closely misses you.
The water moccasin barely misses you. The endoplasm closely misses you.
You closely miss the water moccasin. Your grab misses the water moccasin.
Your squeeze misses the water moccasin.
You feel very sick. The water moccasin bites you! The endoplasm freezes you.
You are frozen.
The water moccasin bites you.
You are lethally poisoned!
The water moccasin poisons you!
You are too injured to fight recklessly!
Unknown command.
The water moccasin attacks as you move away!
The water moccasin bites you!
* * * LOW HITPOINT WARNING * * *
You are more poisoned.
The water moccasin poisons you!
* * * LOW HITPOINT WARNING * * *
You feel extremely sick.
Unknown command.
It was a potion of degeneration.
There was something very wrong with that liquid.
You feel weakened.
You feel dopey.
You feel clumsy.
You die...

#...##†#...###....#
#..~###..###...###..#
... #....(^##....##.#
. ##..####..##..≈.###
##..##..##..##~.).#
#..##§..≈##..#...~#
#8.#..##..#.8#.~~.#
#..#≈....≈#..#~...#
#..@≈)>⌠.≈#..#~...#
#8.#SJ##..#.8#.)≈.#
#..##≈..§##..#...~#.
##..##..##..##~...#.
##..####[.#...~.##
##......##....##
###..###≈..###
####...### ..##


You could see a water moccasin and an endoplasm.

Vanquished Creatures
  An ogre (D:4)
  A howler monkey (D:4)
  An orc priest (D:3)
  A jelly (D:2)
  Jessica (D:3)
  An orc wizard (D:4)
  An iguana (D:4)
  3 gnolls (D:4)
  6 adders
  A white imp (D:4)
  4 worms
  A dart slug (D:2)
  8 orcs
  6 endoplasms
  5 giant cockroaches
  6 goblins
  4 hobgoblins
  5 jackals
  4 quokkas
  9 ball pythons
  4 bats
  5 frilled lizards
  7 kobolds
  7 rats
92 creatures vanquished.

Vanquished Creatures (others)
  A wizard (D:3)
1 creature vanquished.

Grand Total: 93 creatures vanquished

Notes
Turn   | Place    | Note
-------+----------+-------------------------------------------
     0 | D:1      | mopl the Octopode Cinder Acolyte began the quest for the
                  | Orb.
     0 | D:1      | Reached XP level 1. HP: 16/16 MP: 2/2
   164 | D:1      | Reached skill level 1 in Stealth
   164 | D:1      | Reached XP level 2. HP: 21/21 MP: 3/3
   501 | D:1      | Reached skill level 1 in Dodging
   544 | D:1      | Reached XP level 3. HP: 17/26 MP: 4/4
  1042 | D:2      | Reached skill level 2 in Stealth
  1096 | D:2      | Reached XP level 4. HP: 12/31 MP: 5/5
  1559 | D:2      | Reached skill level 2 in Dodging
  1628 | D:2      | Reached skill level 3 in Stealth
  1803 | D:3      | Reached skill level 4 in Long Blades
  1817 | D:3      | Found a bloodstained altar of Trog.
  1820 | D:3      | Noticed a wizard
  1826 | D:3      | Killed a wizard
  1893 | D:3      | Found a basalt altar of Yredelemnul.
  1900 | D:3      | Reached XP level 5. HP: 36/36 MP: 6/6
  2068 | D:3      | Found a hide-covered altar of Uskayaw.
  2473 | D:3      | Found an ornate altar of the Wu Jian Council.
  2473 | D:3      | Noticed Jessica
  2479 | D:3      | Killed Jessica
  2480 | D:3      | Reached skill level 4 in Stealth
  2567 | D:4      | Reached skill level 3 in Dodging
  2567 | D:4      | Reached XP level 6. HP: 42/42 MP: 7/7
  2658 | D:4      | Identified the +0 leather armour of the Countless Prophets
                  | {Str+4}
  2799 | D:4      | HP: 2/42 [gnoll/+0 spear (2)]
  3249 | D:4      | Reached skill level 5 in Stealth
  3278 | D:4      | Reached skill level 5 in Long Blades
  3278 | D:4      | Reached XP level 7. HP: 20/46 MP: 8/8
  3436 | D:4      | Succumbed to a water moccasin's poison

Illustrated notes

Levels and vault maps discovered:
D:1:      co_arrival_random_square_maze, layout_basic, chequers_garden,
          minivault_5, chequers_decorated_corner, minmay_misc_feat_x,
          serial_bayou_crossing
D:2:      layout_loops_ring, minmay_tetromino_s4
D:3:      layout_basic, mainiacjoe_overflow_chevrons, trog_wizard,
          lemuel_tele_altar, nicolae_wu_jian_immortal_techniques,
          kennysheep_small_spiral, uniq_sigmund, uniq_jessica
D:4:      layout_basic, nzn_random_ring

Skill      XL: |  1  2  3  4  5  6 |
---------------+-------------------+-----
Stealth        | 1 2 3 4 5 |  5.4
Dodging        | 1 2 3 |  3.8
Long Blades    | 4 5 |  5.1
Fighting       | |  3.0
Spellcasting   | |  1.0
Fire Magic     | |  3.0

Action                     |  1- 3 |  4- 6 |  7- 9 || total
---------------------------+-------+-------+-------++-------
  Melee: Falchion          |    51 |   135 |     7 ||   193
         Tentacles         |     9 |    34 |     1 ||    44
         Constrict         |    11 |    35 |     2 ||    48
         Punch             |     1 |       |       ||     1
  Throw: Boomerang         |     2 |       |       ||     2
    Use: Potion            |       |       |     1 ||     1
   Stab: Sleeping          |     8 |    12 |       ||    20
 Armour: Skin              |     5 |     9 |     2 ||    16
  Dodge: Dodged            |    20 |    84 |     7 ||   111

Table legend: (Time is in decaauts)
 A = Elapsed time spent in this place.
 B = Non-inter-level travel time spent in this place.
 C = Inter-level travel time spent in this place.
 D = Time resting spent in this place.
 E = Time spent auto-exploring this place.
 F = Levels seen in this place.
 G = Mean time per level.
                   A        B        C        D        E       F      G
               +--------+--------+--------+--------+--------+-----+--------+
         Total |   3454 |   3354 |    100 |    589 |   2097 |   4 |  863.5 |
       Dungeon |   3454 |   3354 |    100 |    589 |   2097 |   4 |  863.5 |
               +--------+--------+--------+--------+--------+-----+--------+

Top non-repeatable levels by time:
     D:1: 1025 daAuts
     D:4: 888 daAuts
     D:3: 796 daAuts
     D:2: 744 daAuts
